 Dungeon Crawl Stone Soup version 0.26-a0-639-g72c4674329 (webtiles) character file.

Game seed: 14339021748272116543

2394 Flugslaktarn the Skirmisher (level 9, -2/74 HPs)
             Began as a Formicid Fighter on Sept 21, 2020.
             Was a Follower of Ru.
             Slain by a killer bee (3 damage)
             ... on level 7 of the Dungeon.
             The game lasted 00:03:24 (5651 turns).

Flugslaktarn the Skirmisher (Formicid Fighter)      Turns: 5651, Time: 00:03:25

Health: -2/74      AC: 14    Str: 22 (24) XL:     9   Next: 74%
Magic:  8/8        EV:  9    Int:  7 (8)  God:    Ru [*.....]
Gold:   111        SH: 10    Dex:  8 (10) Spells: 8/8 levels left

rFire    . . .     SeeInvis +   a - +1 war axe
rCold    . . .     Faith    .   c - +0 kite shield
rNeg     + . .     Spirit   .   k - +0 chain mail
rPois    .         Reflect  .   (helmet unavailable)
rElec    .         Harm     .   (no cloak)
rCorr    .         Rampage  +   e - +0 pair of gloves
MR       .....                  y - +2 pair of boots {rampage}
Stlth    ..........             (no amulet)
HPRegen  0.22/turn              f - ring of flight
MPRegen  0.11/turn              i - ring of positive energy

@: brilliant, lethally poisoned (-2 -> -14)
A: permanent stasis, dig shafts and tunnels, four strong arms, antennae 3,
repulsion field 1, low mp 1, unskilled 1
a: Dig, Shaft Self, Renounce Religion, Evoke Flight


You were on level 7 of the Dungeon.
You worshipped Ru.
Ru was aware of your devotion.
You visited 2 branches of the dungeon, and saw 8 of its levels.

You collected 291 gold pieces.
You spent 180 gold pieces at shops.

Inventory:

Hand Weapons
 a - a +1 war axe (weapon)
Armour
 b - a +0 scale mail
 c - a +0 kite shield (worn)
 e - a +0 pair of gloves (worn)
   (You found it on level 1 of the Dungeon)
 k - a +0 chain mail (worn)
   (You took it off an orc on level 4 of the Dungeon)
 y - a +2 pair of boots of rampaging (worn)
   (You bought it in a shop on level 4 of the Dungeon)
Jewellery
 f - a ring of flight (left hand)
   (You found it on level 3 of the Dungeon)
 i - a ring of positive energy (right hand)
   (You found it on level 4 of the Dungeon)
 v - an uncursed ring of protection from cold {unknown}
   (You found it on level 6 of the Dungeon)
Scrolls
 g - a scroll of enchant weapon
 l - a scroll of immolation
 r - a scroll of identify
 w - a scroll of vulnerability {unknown}
 x - a scroll of remove curse
Potions
 d - a potion of might
 m - a potion of mutation
 o - 3 potions of flight
 q - a potion of resistance {unknown}
 s - a potion of cancellation
 t - a potion of berserk rage {unknown}
 u - a potion of heal wounds {unknown}
 z - a potion of stabbing


   Skills:
 * Level 7.8 Fighting
 * Level 6.8 Axes
 + Level 5.9 Armour
 + Level 6.3 Shields


You had 8 spell levels left.
You didn't know any spells.
Your spell library was empty.

Dungeon Overview and Level Annotations

Branches:
Dungeon (7/15)             Temple (1/1) D:4

Altars:
Ashenzari
Cheibriados
Dithmenos
Fedhas
Gozag
Kikubaaqudgha
Nemelex Xobeh
Okawaru
Qazlal
Ru
Trog
Vehumet
Wu Jian
Yredelemnul
The Shining One

Shops:
D:4 [   D:5 (


Innate Abilities, Weirdness & Mutations

You cannot be hasted, slowed, berserked, paralysed or teleported.
You can dig through walls and to a lower floor.
Your four strong arms can wield two-handed weapons with a shield.
You have a pair of large antennae on your head. (SInv)
You are somewhat unskilled. (-1 Apt)
You are surrounded by a mild repulsion field. (EV +2)
Your magical capacity is low. (-10% MP)


Message History

You feel sick. You block the killer bee's attack.
A centaur skeleton comes into view.
You block the killer bee's attack. The killer bee stings you!
* * * LOW HITPOINT WARNING * * *
* * * LOW HITPOINT WARNING * * *
You feel sick. You block the killer bee's attack.
You redirect the killer bee's attack!
The killer bee misses itself.
It was a potion of degeneration.
There was something very wrong with that liquid.
You feel weakened.
You feel dopey.
You feel clumsy.
* * * LOW HITPOINT WARNING * * *
You feel sick.
The killer bee stings you but does no damage.
Unknown command.
It was a potion of brilliance.
You feel clever all of a sudden.
* * * LOW HITPOINT WARNING * * *
You feel sick. The killer bee stings you.
You die...

#. .# #.# .# #.#
.# . #.# ##.#{
#.### #.# #.$
#.....#.# #.####
#.#
#.....#.###....#
#.#
#......yyyZ†...#
#.#
.....#@#..{...#
#.# ...
#.####.....# #.# #
#.# #........ #.#
#.# #####....
#.#########.# ###
######...........#
#.......##########
#.#####.# #.# #.#


You could see 3 killer bees and a killer bee zombie.

Vanquished Creatures
  Pikel (D:4)
  Duvessa (D:4)
  A phantom (D:4)
  A sky beast (D:6)
  An ice beast (D:6)
  3 ogres
  A centaur (D:6)
  4 bullfrogs (D:6)
  Dowan (D:4)
  A scorpion (D:4)
  A killer bee (D:7)
  2 water moccasin skeletons
  2 howler monkeys
  A bullfrog zombie (D:4)
  A jelly (D:5)
  4 orc priests
  A gnoll shaman (D:5)
  A hound (D:5)
  2 iguanas
  4 worker ants
  2 orc wizards (D:6)
  A hound skeleton (D:7)
  8 adders
  A howler monkey skeleton (D:3)
  A shadow imp (D:5)
  A white imp (D:5)
  3 worms
  3 dart slugs
  25 orcs
  A ball python (D:4)
  3 bats
  4 giant cockroaches
  6 goblins
  A hobgoblin (D:2)
  2 jackals (D:1)
  7 quokkas
  A frilled lizard (D:3)
  A jackal skeleton (D:4)
  6 kobolds
  A leopard gecko zombie (D:5)
  2 rats
114 creatures vanquished.

Notes
Turn   | Place    | Note
-------+----------+-------------------------------------------
     0 | D:1      | Flugslaktarn the Formicid Fighter began the quest for the
                  | Orb.
     0 | D:1      | Reached XP level 1. HP: 18/18 MP: 1/1
   256 | D:1      | Reached XP level 2. HP: 24/24 MP: 2/2
   359 | D:2      | Reached XP level 3. HP: 30/30 MP: 3/3
   675 | D:3      | Reached XP level 4. HP: 37/37 MP: 4/4
   683 | D:3      | Reached skill level 4 in Fighting
  1107 | D:3      | Reached XP level 5. HP: 23/43 MP: 5/5
  1452 | D:4      | Found a sparkling altar of Nemelex Xobeh.
  1452 | D:4      | Noticed Dowan
  1453 | D:4      | Noticed Duvessa
  1468 | D:4      | Killed Duvessa
  1468 | D:4      | Reached skill level 5 in Fighting
  1468 | D:4      | Reached XP level 6. HP: 14/51 MP: 6/6
  1468 | D:4      | Killed Dowan
  1774 | D:4      | Noticed a phantom
  1803 | D:4      | Killed a phantom
  1803 | D:4      | Reached XP level 7. HP: 40/56 MP: 7/7
  1815 | D:4      | Reached skill level 5 in Shields
  1824 | D:4      | Found a staircase to the Ecumenical Temple.
  2000 | Temple   | Entered the Ecumenical Temple
  2299 | D:4      | Found Amaask's Antique Armour Shoppe.
  2372 | Temple   | Became a worshipper of Ru the Awakened
  2488 | D:4      | Gained mutation: Your magical capacity is low. (-10% MP)
                  | [potion of mutation]
  2488 | D:4      | Gained mutation: You are surrounded by a mild repulsion
                  | field. (EV +2) [potion of mutation]
  2693 | D:4      | Noticed Pikel
  2720 | D:4      | Killed Pikel
  2720 | D:4      | Reached skill level 6 in Fighting
  2720 | D:4      | Reached skill level 5 in Axes
  2720 | D:4      | Reached skill level 5 in Armour
  2720 | D:4      | Reached XP level 8. HP: 33/65 MP: 7/7
  3482 | D:5      | Entered Level 5 of the Dungeon
  3519 | D:5      | Found Teycvaf's Weapon Emporium.
  3742 | D:5      | Gained mutation: You are somewhat unskilled. (-1 Apt) [Ru
                  | sacrifice]
  3742 | D:5      | Reduced skill Axes to level 5
  3742 | D:5      | Reached * piety under Ru
  3750 | D:5      | Reached skill level 5 in Armour
  3917 | D:5      | Found a stormy altar of Qazlal.
  3994 | D:5      | Found a snail-covered altar of Cheibriados.
  4147 | D:5      | Reached XP level 9. HP: 67/71 MP: 8/8
  4399 | D:4      | Bought a pair of embroidered boots for 180 gold pieces
  4585 | D:6      | Reached skill level 7 in Fighting
  4833 | D:6      | Found an iron altar of Okawaru.
  4834 | D:6      | Found a bloodstained altar of Trog.
  5153 | D:6      | Found a shattered altar of Ashenzari.
  5643 | D:7      | HP: 3/74 [killer bee (7)]
  5644 | D:7      | HP: 1/74 [killer bee (5)]
  5650 | D:7      | HP: 2/74 [poisoned by a killer bee]
  5651 | D:7      | Slain by a killer bee

Illustrated notes

Levels and vault maps discovered:
D:1:      shiori_arrival_whats_in_store_for_you, layout_basic
D:2:      layout_loops_ring
D:3:      layout_rooms
D:4:      layout_loops_corners, lemuel_round_altar, minmay_temple_entry_statues,
          serial_shops, shop_fountains, uniq_duvessa, uniq_pikel
D:5:      minmay_skewed_foursquare, layout_basic,
          nicolae_qazlal_general_emergency, old_standard_altar, serial_shops,
          shop
D:6:      layout_basic, grunt_temple_overflow_bloody_war,
          ashenzari_conservatory_becter
D:7:      cheibrodos_statue_roulette, layout_loops_ring, lemuel_doored_altar,
          nicolae_overflow_crystal_walls, uniq_prince_ribbit1
Temple:   compressed_dpeg_triangle_lava_temple

Skill      XL: |  1  2  3  4  5  6  7  8  9 |
---------------+----------------------------+-----
Shields        | 4 5 6 |  6.3
Fighting       | 4 5 6 7 |  7.8
Axes           | 3 4 5 5 6 |  6.8
Armour         | 4 5 5 |  5.9

Action                   |  1- 3 |  4- 6 |  7- 9 || total
-------------------------+-------+-------+-------++-------
Melee: War axe           |    80 |    91 |   264 ||   435
Invok: Sacrifice Skill   |       |       |     1 ||     1
  Use: Scroll            |       |     6 |     3 ||     9
       Potion            |       |     2 |     7 ||     9
 Stab: Distracted        |       |       |     1 ||     1
Armor: Scale mail        |    36 |    50 |    30 ||   116
       Chain mail        |       |       |    85 ||    85
       Skin              |       |       |    39 ||    39
Dodge: Dodged            |    21 |    43 |   123 ||   187
Block: Kite shield       |    46 |    70 |   161 ||   277

Table legend: (Time is in decaauts)
 A = Elapsed time spent in this place.
 B = Non-inter-level travel time spent in this place.
 C = Inter-level travel time spent in this place.
 D = Time resting spent in this place.
 E = Time spent auto-exploring this place.
 F = Levels seen in this place.
 G = Mean time per level.
                   A        B        C        D        E       F      G
               +--------+--------+--------+--------+--------+-----+--------+
         Total |   5787 |   5384 |    403 |    639 |   3744 |   8 |  723.4 |
       Dungeon |   5510 |   5131 |    379 |    639 |   3515 |   7 |  787.1 |
        Temple |    276 |    252 |     24 |      0 |    229 |   1 |  276.0 |
               +--------+--------+--------+--------+--------+-----+--------+

Top non-repeatable levels by time:
     D:4: 2058 daAuts
     D:6: 1036 daAuts
     D:5: 927 daAuts
     D:3: 854 daAuts
     D:1: 304 daAuts
  Temple: 276 daAuts
     D:2: 194 daAuts
     D:7: 135 daAuts
